 Dungeon Crawl Stone Soup version 0.22-a0-877-g5c4e1af (webtiles) character file.

1679 exewon the Reanimator (level 8, -2/57 HPs)
             Began as a Deep Dwarf Necromancer on July 29, 2018.
             Was a Follower of Hepliaklqana.
             Slain by a wight
             ... wielding a +5 flail of freezing
              (10 damage)
             ... on level 6 of the Dungeon.
             The game lasted 00:42:46 (7286 turns).

exewon the Reanimator (Deep Dwarf Necromancer)      Turns: 7286, Time: 00:42:47

Health: -2/57      AC:  7    Str: 12    XL:     8   Next: 70%
Magic:  12/15      EV:  9    Int: 18    God:    Hepliaklqana [*.....]
Gold:   405        SH:  7    Dex: 13    Spells: 8/17 levels left

rFire    + . .     SeeInvis .   j - +2 mace
rCold    x . .     Gourm    .   n - +0 buckler
rNeg     . . .     Faith    .   f - +0 scale mail
rPois    .         Spirit   .   q - +0 helmet
rElec    .         Reflect  +   (no cloak)
rCorr    .         Harm     .   (no gloves)
MR       +....                  (no boots)
Stlth    ..........             k - +3 amulet of reflection
HPRegen  0.00/turn              i - ring of fire
MPRegen  0.14/turn              (no ring)

@: non-regenerating, heavily drained
A: damage resistance, heal wounds, reduced essence, sense surroundings 1, no
regeneration
a: Heal Wounds, Recall Ancestor, Ancestor Identity, Renounce Religion


You were on level 6 of the Dungeon.
You worshipped Hepliaklqana.
Hepliaklqana was aware of your devotion.
You were not hungry.

You visited 1 branch of the dungeon, and saw 6 of its levels.

You collected 405 gold pieces.

Inventory:

Hand Weapons
 j - a +2 mace (weapon)
Armour
 f - a +0 scale mail (worn)
 n - a +0 buckler (worn)
 q - a +0 helmet (worn)
Magical Staves
 a - an uncursed staff of cold {unknown}
Jewellery
 i - a ring of fire (left hand)
 k - a +3 amulet of reflection (around neck)
 o - a cursed ring of teleportation
 s - a +3 ring of protection {unknown}
Scrolls
 m - 2 scrolls of remove curse
 p - a scroll of teleportation
 t - a scroll of blinking {unknown}
Potions
 b - a potion of cancellation {unknown}
 d - 2 potions of agility
 e - 2 potions of haste
 g - 2 potions of flight
 h - 2 potions of magic
Comestibles
 c - 9 rations
 r - 2 chunks of flesh


   Skills:
 - Level 1.0(0.0) Fighting
 - Level 2.4(0.3) Maces & Flails
 - Level 4.1(1.8) Armour
 - Level 4.2(2.0) Dodging
 - Level 2.4(0.3) Stealth
 + Level 3.1(1.0) Shields
 + Level 5.0(2.7) Spellcasting
 * Level 8.5(6.0) Necromancy


You had 8 spell levels left.
You knew the following spells:

 Your Spells              Type           Power        Failure   Level  Hunger
a - Pain                  Necr           ###.         11%         1    None
b - Animate Skeleton      Necr           N/A          11%         1    None
c - Vampiric Draining     Necr           ###.......   32%         3    ###....
d - Animate Dead          Necr           N/A          73%         4    ####...

Your spell library contained the following spells:

 Spells                   Type           Power        Failure   Level  Hunger
 Regeneration             Chrm/Necr      ##........   75%         3    ###....


Dungeon Overview and Level Annotations

Branches:
Dungeon (6/15)             Temple (0/1) D:5

Altars:
Ashenzari
Hepliaklqana
Trog
Uskayaw
Vehumet
The Shining One


Innate Abilities, Weirdness & Mutations

You are resistant to damage.
You can heal yourself by infusing magical energy.
You passively map a small area around you.
You do not regenerate.
Your life essence is reduced to manifest your ancestor. (-10% HP)


Message History

The wight closely misses you.
The wight hits Durin with a flail of freezing!
The wight freezes Durin.
Durin hits the wight but does no damage.
Durin barely misses the wight.
You closely miss the wight.
The wight is almost destroyed.
The wight hits you with a dire flail.
* * * LOW HITPOINT WARNING * * *
You feel drained.
The wight hits you from afar with an enchanted spear.
* * * LOW HITPOINT WARNING * * *
You feel drained.
Durin hits the wight.
You feel better. The wight closely misses you.
The wight hits you but does no damage.
Durin hits the wight.
You hit the wight.
You destroy the wight!
The wight hits you but does no damage.
The wight hits you with a flail of freezing!
You die...

### * , * ..* ,, ###...#
#....... ##.##.# ..#.#.., #
##.....* *#.....##*.# #.<.#.#
.#.#..##.## #...#.# ########
.......... #...#.#
#......#####......# **
....#.####...Rz)@..........#,#
##..........)..z#.#.#......#.###
##..#>####.###..................
##).#... #.# #..#.#.#..)..##.##
##.......#)####.......##zz.#
.#.####..#......#.#.#..#R#.# *
.#.# ..###...........#.#...,
.#.# .## #.....#..)..#.#####,
#.* # #.....#.....#.# ,


You could see the friendly Durin the ancestor and 2 wights.

Vanquished Creatures
  Duvessa (D:6)
  An ice beast (D:5)
  An ogre (D:6)
  2 centaurs (D:5)
  Dowan (D:6)
  3 wights (D:6)
  2 howler monkeys (D:4)
  4 hounds
  A bullfrog skeleton (D:2)
  5 orc priests
  3 orc wizards
  A worker ant (D:5)
  4 adders
  3 gnolls (D:3)
  A shadow imp (D:5)
  An ooze (D:1)
  A worm (D:3)
  2 dart slugs (D:1)
  8 orcs
  5 giant cockroaches
  12 goblins
  12 hobgoblins
  7 jackals
  A quokka (D:5)
  2 ball pythons
  5 bats
  7 frilled lizards
  6 kobolds
  5 rats
107 creatures vanquished.

Vanquished Creatures (collateral kills)
  A black bear (D:6)
  A phantom (D:4)
  A centaur (D:5)
  A crimson imp (D:6)
  An orc priest (D:4)
  2 worker ants (D:4)
  A gnoll (D:3)
  An adder (D:3)
  2 shadow imps (D:5)
  An adder zombie (D:5)
  5 orcs
  A giant cockroach (D:3)
  5 goblins (D:3)
  3 hobgoblins (D:3)
  3 jackals
  A bat (D:3)
  A kobold (D:2)
  2 rats
33 creatures vanquished.

Vanquished Creatures (others)
  4 ancestors
4 creatures vanquished.

Grand Total: 144 creatures vanquished

Notes
Turn   | Place    | Note
-------+----------+-------------------------------------------
     0 | D:1      | exewon the Deep Dwarf Necromancer began the quest for the Orb.
     0 | D:1      | Reached XP level 1. HP: 15/15 MP: 3/3
   161 | D:1      | Reached XP level 2. HP: 17/22 MP: 1/5
   269 | D:1      | Learned a level 1 spell: Animate Skeleton
  1129 | D:1      | Reached XP level 3. HP: 22/28 MP: 4/6
  1411 | D:2      | Learned a level 3 spell: Vampiric Draining
  1901 | D:2      | Reached skill level 1 in Armour
  1901 | D:2      | Reached skill level 5 in Necromancy
  1901 | D:2      | Reached XP level 4. HP: 9/36 MP: 7/7
  2222 | D:2      | Found a faded altar of an unknown god.
  2980 | D:3      | Found a hazy altar of Hepliaklqana.
  2985 | D:3      | Became a worshipper of Hepliaklqana the Forgotten
  3145 | D:3      | Reached XP level 5. HP: 24/37 MP: 2/9
  3743 | D:3      | Learned a level 4 spell: Animate Dead
  3794 | D:3      | Reached skill level 1 in Maces & Flails
  3952 | D:3      | Found a glowing golden altar of the Shining One.
  3952 | D:3      | Found a faded altar of an unknown god.
  3959 | D:3      | Found a hide-covered altar of Uskayaw.
  3961 | D:3      | Found a faded altar of an unknown god.
  3963 | D:3      | Found a bloodstained altar of Trog.
  4420 | D:4      | Reached XP level 6. HP: 36/44 MP: 1/10
  4687 | D:4      | Reached skill level 6 in Necromancy
  4741 | D:4      | Reached skill level 1 in Fighting
  4785 | D:4      | Reached XP level 7. HP: 43/51 MP: 4/12
  5201 | D:4      | Found a shattered altar of Ashenzari.
  5392 | D:4      | Reached * piety under Hepliaklqana
  5644 | D:5      | Entered Level 5 of the Dungeon
  5671 | D:5      | Found a radiant altar of Vehumet.
  6255 | D:5      | Found a staircase to the Ecumenical Temple.
  6371 | D:5      | Reached skill level 7 in Necromancy
  6371 | D:5      | Reached XP level 8. HP: 53/57 MP: 6/14
  6464 | D:5      | Reached skill level 1 in Shields
  7182 | D:6      | Noticed Duvessa
  7195 | D:6      | Killed Duvessa
  7195 | D:6      | Reached skill level 8 in Necromancy
  7199 | D:6      | Noticed Dowan
  7229 | D:6      | Killed Dowan
  7261 | D:6      | Reached skill level 5 in Spellcasting
  7283 | D:6      | HP: 2/57 [wight/enchanted spear (3)]
  7286 | D:6      | Slain by a wight

Vault maps used:
D:1:      dpeg_arrival_lava_temple_mockup
D:2:      chequers_ecumenical_altar_lobes
D:3:      cheibrodos_greedy_goblins, marbit_many_paths,
          chequers_temple_overflow_minitemple, minmay_misc_feat_plants
D:4:      lemuel_round_altar
D:5:      kennysheep_mini, minmay_temple_entry_hall, first_ration
D:6:      led_sif_book, serial_glass, glass_columns_b, glass_columns_a,
          glass_columns_a, glass_columns_c, glass_columns_a, glass_columns_c,
          glass_columns_a, glass_columns_b, glass_columns_b, glass_columns_b,
          uniq_duvessa

Skill      XL: |  1  2  3  4  5  6  7  8 |
---------------+-------------------------+-----
Spellcasting   | 2 3 4 5 |  5.0
Armour         | 1 2 3 4 |  4.1
Necromancy     | 5 6 7 8 |  8.5
Dodging        | 3 4 |  4.2
Maces & Flails | 1 2 |  2.4
Fighting       | 1 |  1.0
Shields        | 3 |  3.1
Stealth        | |  2.4

Action                   |  1- 3 |  4- 6 |  7- 9 || total
-------------------------+-------+-------+-------++-------
Melee: Club              |     8 |       |       ||     8
       Mace              |    18 |    69 |   102 ||   189
 Cast: Pain              |    50 |    54 |    16 ||   120
       Animate Skeleton  |    10 |    17 |     8 ||    35
       Vampiric Draining |       |    16 |    44 ||    60
Invok: Ancestor Identity |       |     2 |       ||     2
       Recall Ancestor   |       |     1 |       ||     1
 Abil: Heal Wounds       |       |     2 |     1 ||     3
  Use: Scroll            |     2 |     4 |     4 ||    10
       Potion            |     1 |     3 |     3 ||     7
  Eat: Chunk             |     4 |     2 |     4 ||    10
       Ration            |       |     3 |     2 ||     5
Armor: Robe              |     4 |       |       ||     4
       Scale mail        |    13 |    38 |    56 ||   107
Dodge: Dodged            |    23 |    38 |    66 ||   127
Block: Buckler           |       |       |    27 ||    27

Table legend:
 A = Spawn XP
 B = Non-spawn XP
 C = Spawn XP percentage of total XP
 D = Spawn monster count
 E = Non-spawn monster count
 F = Spawn count percentage of total count
 G = Total turns spent on level
                    A         B        C        D         E        F      G
               +---------+---------+-------+---------+---------+-------+---------
         Total |       0 |    2399 |   0.0 |       0 |     140 |   0.0 |  7286
               +---------+---------+-------+---------+---------+-------+---------
           D:1 |       0 |      44 |   0.0 |       0 |      22 |   0.0 |  1385
           D:2 |       0 |      72 |   0.0 |       0 |      14 |   0.0 |  1142
           D:3 |       0 |     187 |   0.0 |       0 |      44 |   0.0 |  1844
           D:4 |       0 |     571 |   0.0 |       0 |      18 |   0.0 |  1273
           D:5 |       0 |     788 |   0.0 |       0 |      31 |   0.0 |  1320
           D:6 |       0 |     737 |   0.0 |       0 |      11 |   0.0 |   322
               +---------+---------+-------+---------+---------+-------+---------
